 Dungeon Crawl Stone Soup version 0.28.0-53-g5a82cb258f (webtiles) character file.

Game seed: 10375469185967185849

10330 mortz the Thaumaturge (level 11, -4/55 HPs)
             Began as a Deep Elf Fire Elementalist on July 11, 2022.
             Was an Elder of Sif Muna.
             Slain by a four-headed hydra (8 damage)
             ... on level 1 of the Lair of Beasts on July 12, 2022.
             The game lasted 01:40:29 (16014 turns).

mortz the Thaumaturge (Deep Elf Fire Elementalist) Turns: 16014, Time: 01:40:29

Health: -4/55      AC: 13    Str:  7    XL:     11   Next: 34%
Magic:  24/30      EV: 12    Int: 29    God:    Sif Muna [****..]
Gold:   287        SH:  0    Dex: 15    Spells: 20/36 levels left

rFire   + . .      SeeInvis +   a - staff of fire {!astaff}
rCold   . . .      Faith    .   (no shield)
rNeg    . . .      Spirit   .   M - +0 acid dragon scales
rPois   .          Reflect  .   y - +1 helmet
rElec   .          Harm     .   z - +1 cloak
rCorr   +          Rampage  .   (no gloves)
Will    +....                   n - +1 pair of boots
Stlth   ++........              (no amulet)
HPRegen 0.18/turn               g - +6 ring of intelligence
MPRegen 0.22/turn               x - ring of see invisible

@: hasted, very quick
A: talons 1, MP-powered wands
a: Renounce Religion, Channel Magic, Forget Spell, Divine Exegesis


You were on level 1 of the Lair of Beasts.
You worshipped Sif Muna.
Sif Muna was greatly pleased with you.
You visited 2 branches of the dungeon, and saw 11 of its levels.
You also visited: Sewer and Ossuary.

You collected 783 gold pieces.
You spent 496 gold pieces at shops.


Innate Abilities, Weirdness & Mutations

You have sharp toenails.
You expend magic power (3 MP) to strengthen your wands.


   Skills:
 + Level 0.5 Fighting
 * Level 4.5 Armour
 + Level 4.6 Dodging
 + Level 3.9 Stealth
 + Level 13.2 Spellcasting
 + Level 6.6 Conjurations
 + Level 0.2 Transmutations
 + Level 10.3 Fire Magic
 + Level 1.2 Poison Magic
 * Level 8.2 Invocations


You had 20 spell levels left.
You knew the following spells:

 Your Spells              Type           Power      Damage    Failure   Level
a - Foxfire               Conj/Fire      100%       2x1d9     1%          1
b - Scorch                Fire           100%       2d10      1%          2
c - Inner Flame           Hex/Fire       65%        N/A       1%          3
d - Flame Wave            Conj/Fire      80%        2d14      1%          4
e - Mephitic Cloud        Conj/Pois/Air  34%        N/A       4%          3
f - Ignite Poison         Fire/Tmut/Pois 58%        N/A       3%          3

Your spell library contained the following spells:

 Spells                   Type           Power      Damage    Failure   Level
 Magic Dart               Conj           100%       1d8       1%          1
 Static Discharge         Conj/Air       38%        N/A       1%          2
 Conjure Flame            Conj/Fire      80%        6-21      1%          3
 Sticky Flame             Conj/Fire      80%        2d9       1%          4
 Wereblood                Tmut           20%        N/A       6%          2
 Call Imp                 Summ           19%        N/A       8%          2
 Corpse Rot               Necr/Air       38%        N/A       8%          2
 Sublimation of Blood     Necr           19%        N/A       8%          2
 Confusing Touch          Hex            19%        N/A       14%         3
 Irradiate                Conj/Tmut      19%        3d20      32%         5
 Petrify                  Tmut/Erth      20%        N/A       41%         4
 Anguish                  Hex/Necr       9%         N/A       43%         4
 Animate Armour           Summ/Erth      38%        N/A       43%         4
 Dispel Undead            Necr           19%        3d11      43%         4
 Blade Hands              Tmut           10%        N/A       75%         5
 Yara's Violent Unravell  Hex/Tmut       10%        3d6       77%         5
 Iron Shot                Conj/Erth      19%        9d4       88%         6
 Death Channel            Necr           9%         N/A       100%        6
 Enfeeble                 Hex            9%         N/A       100%        7
 Summon Hydra             Summ           9%         N/A       100%        7
 Borgnjor's Revivificati  Necr           9%         N/A       100%        8

Inventory:

Hand Weapons
 b - a +3 short sword of protection {short}
   (You took it off a kobold on level 3 of the Dungeon)
 k - a +0 dagger {short}
   (You found it on level 1 of the Dungeon)
 v - a +2 dagger of flaming {short}
   (You took it off an orc wizard on level 4 of the Dungeon)
 w - a +0 hand axe {axe}
   (You took it off an orc priest on level 4 of the Dungeon)
 A - a +4 spear {polearm}
   (You took it off a gnoll sergeant on level 5 of the Dungeon)
 Q - the +7 rapier of the Shining Light {vorpal, *Slow rF+ Will++ Str-5, short}
   (You found it on level 1 of the Lair of Beasts)

   It inflicts extra damage upon your enemies.
   Str:       It affects your strength (-5).
   rF:        It protects you from fire.
   *Slow:     It may slow you when you take damage.
   Will:      It greatly increases your willpower.
 R - a +2 broad axe of freezing {axe}
   (You found it on level 1 of the Lair of Beasts)
Missiles
 p - 18 poisoned darts {throwing}
 B - 6 curare-tipped darts {=fthrowing}
 I - 4 atropa-tipped darts {throwing}
Armour
 n - a +1 pair of boots (worn)
   (You found it on level 2 of the Dungeon)
 y - a +1 helmet (worn)
   (You found it on level 5 of the Dungeon)
 z - a +1 cloak (worn)
   (You bought it in a shop on level 7 of the Dungeon)
 M - +0 acid dragon scales (worn)
   (You found it on level 9 of the Dungeon)
 N - a +2 leather armour of fire resistance
   (You took it off an orc on level 10 of the Dungeon)
Magical Staves
 a - a staff of fire (weapon) {!astaff}
   (You acquired it on level 9 of the Dungeon)
 q - a staff of air {!astaff}
   (You found it on level 4 of the Dungeon)
Jewellery
 g - a +6 ring of intelligence (left hand)
   (You found it on level 1 of the Dungeon)
 x - a ring of see invisible (right hand)
   (You found it on level 5 of the Dungeon)
 L - a ring of ice
   (You found it on level 8 of the Dungeon)
 O - a ring of protection from cold
   (You found it on level 10 of the Dungeon)
Wands
 h - a wand of flame (14)
   (You found it on level 9 of the Dungeon)
 t - a wand of paralysis (5)
   (You took it off an orc wizard on level 7 of the Dungeon)
 F - a wand of mindburst (8)
   (You bought it in a shop on level 6 of the Dungeon)
Scrolls
 f - 3 scrolls of magic mapping {!r}
 o - 2 scrolls of enchant weapon
 r - 2 scrolls of teleportation {@r4}
 s - a scroll of blinking {!r}
 u - 2 scrolls of fog
 P - a scroll of identify {@r1}
Potions
 c - a potion of might
 d - 3 potions of attraction {!q}
 e - a potion of ambrosia
 i - 3 potions of magic
 j - 4 potions of lignification {!q}
 l - 2 potions of haste {@q3}
 m - a potion of flight
 C - a potion of cancellation
 D - a potion of invisibility
 E - a potion of berserk rage {!q}
 G - a potion of curing {@q1}
 H - a potion of resistance
 J - 2 potions of mutation {!q}
 K - a potion of brilliance

Dungeon Overview and Level Annotations

Branches:
Dungeon (10/15)            Temple (0/1) D:7            Lair (1/6) D:8
  Sewer (visited)         Ossuary (visited)
    Orc: D:9-12

Altars:
Sif Muna
Yredelemnul
Zin

Shops:
D:6 *   D:7 !*[*(   D:9 [*   D:10 *

Annotations:
D:3 1 runed translucent door, Diggabert's ghost, amateur FoAK
D:10 3 runed translucent doors, Valamore's ghost, journeyman DsFi

.....##P## #..#### #########
##....### .## ####...# ..#
#####.# ### #.#### ###.##.+###
.... .....### #........P####
.k... .......###
#(.......'...#kv.[..
....#...P###.....k..###.'......
....###....#....@D..# ##.......
##### ####.+†.......# #......
##.....>..^# .####. ##....(...#
# ####.##### ###


You could see a four-headed hydra (combustible) and a rime drake (combustible).


Message History

You feel a surge of power!
Flames lash the cane toad.
The cane toad is burned terribly!
You kill the cane toad!
Sif Muna accepts your kill.
You feel very sick. 😮 HP[-3] MP[-1]
You take 3 damage, and now have 41/55 hp.
You lost 1 mp, and now have 24/30 mp.
You feel very sick.
You feel sick.
You feel sick.
You feel sick.
You feel sick.
You feel sick.
You feel sick.
You feel sick.
You feel sick.
You are no longer poisoned.
You now have 287 gold pieces (gained 12).
As you open the door, it creaks loudly!
You hear an angry hiss.
You hear a roar! 😎 HP[+14] MP[+6]
Your hp is fully restored (55).
Your mp is fully restored (30).
There is an open door here.
You open the door.
A four-headed hydra and a rime drake come into view.
The rime drake moves out of view.
You feel a surge of power!
You conjure some foxfire!
The four-headed hydra roars!
You hear an angry hiss. 😎 MP[-1]
You lost 1 mp, and now have 29/30 mp.
The foxfire hits the four-headed hydra!
There is an open door here. 😎 MP[+1]
Your mp is fully restored (30).
The rime drake breathes ice at you. The flash freeze hits you!!
You are encased in ice. 😮 HP[-26]
You take 26 damage, and now have 29/55 hp.
MASSIVE DAMAGE!! (PAUSE) 😮 HP[+1]
The ice encasing you melts away.
You are too injured to fight recklessly!
Casting: Foxfire (safe; 1% risk of failure)
Press: ? - help, Q - select action, (/) - cycle Dir - look around, f - activate You feel a surge of power!
You conjure some foxfire!
The rime drake bites the bush but does no damage. 😮 MP[-1]
You lost 1 mp, and now have 29/30 mp.
Casting: Foxfire (safe; 1% risk of failure)
Press: ? - help, Q - select action, (/) - cycle Dir - look around, f - activate You feel a surge of power!
You conjure some foxfire!
The foxfire hits the four-headed hydra. x2 😮 HP[+1] MP[-1]
You lost 1 mp, and now have 28/30 mp.
Casting: Foxfire (safe; 1% risk of failure)
Press: ? - help, Q - select action, (/) - cycle Dir - look around, f - activate You feel a surge of power!
You conjure some foxfire!
The foxfire hits the four-headed hydra! 😮 MP[-1]
You lost 1 mp, and now have 27/30 mp.
Casting: Foxfire (safe; 1% risk of failure)
Confirm with . or Enter, or press ? or * to list all spells.
You feel a surge of power!
Flames lash the four-headed hydra.
The four-headed hydra's fire resistance burns away.
The foxfire hits the four-headed hydra.
The foxfire hits the four-headed hydra!
The four-headed hydra is burned terribly!
The foxfire hits the four-headed hydra!
The four-headed hydra is burned terribly!
The four-headed hydra closely misses you.
The four-headed hydra bites you.
* * * LOW HITPOINT WARNING * * *
The four-headed hydra bites you.
* * * LOW HITPOINT WARNING * * *
The four-headed hydra bites you.
* * * LOW HITPOINT WARNING * * *
😨 HP[-12] MP[-2]
You take 12 damage, and now have 19/55 hp.
MASSIVE DAMAGE!! (PAUSE)
You lost 2 mp, and now have 25/30 mp.
Casting: Scorch (safe; 1% risk of failure)
Confirm with . or Enter, or press ? or * to list all spells.
You feel a surge of power!
Flames lash the rime drake.
The rime drake's fire resistance burns away.
The four-headed hydra bites you!
* * * LOW HITPOINT WARNING * * *
The four-headed hydra closely misses you.
The four-headed hydra bites you but does no damage.
The four-headed hydra bites you.
* * * LOW HITPOINT WARNING * * *
😱 HP[-15] MP[-1]
You take 15 damage, and now have 4/55 hp.
MASSIVE DAMAGE!! (PAUSE)
You lost 1 mp, and now have 24/30 mp.
You feel yourself speed up. The rime drake closely misses you.
The four-headed hydra bites you but does no damage.
The four-headed hydra barely misses you.
The four-headed hydra bites you!
You die...

Skill      XL: |  1  2  3  4  5  6  7  8  9 10 11 |
---------------+----------------------------------+-----
Fire Magic     | 4 5 6 7 8 9 10 | 10.3
Conjurations   | 2 3 4 5 6 |  6.6
Spellcasting   | 4 5 6 7 9 11 12 13 | 13.2
Stealth        | 3 |  3.9
Dodging        | 3 4 |  4.6
Invocations    | 1 3 5 6 7 8 |  8.2
Armour         | 1 2 4 |  4.5
Poison Magic   | 1 |  1.2
Fighting       | |  0.5
Transmutations | |  0.2

Action                   |  1- 3 |  4- 6 |  7- 9 | 10-12 || total
-------------------------+-------+-------+-------+-------++-------
Melee: Dagger            |     8 |       |       |       ||     8
       Short sword       |     6 |     5 |       |       ||    11
 Cast: Foxfire           |    60 |    98 |   161 |   159 ||   478
       Scorch            |       |    12 |    92 |    66 ||   170
       Flame Wave        |       |       |     1 |     1 ||     2
       Mephitic Cloud    |       |       |       |     3 ||     3
       Ignite Poison     |       |       |       |     3 ||     3
  Use: Scroll            |       |     6 |    11 |     7 ||    24
       Potion            |       |       |     8 |     2 ||    10
Armor: Robe              |     5 |       |       |       ||     5
       Leather armour    |       |       |    22 |       ||    22
       Ring mail         |       |       |    19 |     1 ||    20
       Acid dragon scale |       |       |       |    35 ||    35
Dodge: Dodged            |     6 |     3 |    54 |    73 ||   136

Levels and vault maps discovered:
D:1:      evilmike_arrival_crescent, layout_basic,
          chequers_ecumenical_altar_simple
D:2:      layout_basic
D:3:      layout_loops_ring, minitemple, ebering_ghost_inner_flame,
          bh_walls_and_bars, uniq_jessica
D:4:      layout_basic, enter_ossuary_4, grunt_tough_drop
D:5:      layout_loops_ring
D:6:      layout_loops_ring, cheibrodos_sewer_entry_drain, nicolae_shop_gadgets
D:7:      layout_basic, temple_fountains, serial_shops, nicolae_lakefront_shop,
          shop, nicolae_shop_behind_doors, shop_fountains, shop_coins,
          grunt_ministairs_15, kennysheep_doodads
D:8:      layout_loops_corners, lair_entry_dummy
D:9:      layout_loops_ring, serial_shops, nicolae_shop_statue_plus,
          nicolae_alphabet_shops
D:10:     layout_basic, nicolae_yredelemnul_ghost_church, serial_shops, shop,
          minivault_12, uniq_harold
Lair:1:   layout_roguey, infiniplex_staircase_pool_2

Notes
Turn   | Place    | Note
-------+----------+-------------------------------------------
     0 | D:1      | mortz the Deep Elf Fire Elementalist began the quest for
                  | the Orb.
     0 | D:1      | Reached XP level 1. HP: 10/10 MP: 6/6
     0 | D:1      | magus.rc [v1.9.6]
   357 | D:1      | Reached XP level 2. HP: 15/15 MP: 6/8
   462 | D:1      | Reached skill level 4 in Fire Magic
   555 | D:1      | Found a faded altar of an unknown god.
   712 | D:1      | Reached XP level 3. HP: 19/19 MP: 7/9
  1685 | D:2      | Learned a level 2 spell: Scorch
  1965 | D:2      | Reached skill level 2 in Conjurations
  1965 | D:2      | Reached XP level 4. HP: 24/24 MP: 8/11
  2103 | D:3      | Reached skill level 4 in Spellcasting
  2221 | D:3      | Reached skill level 3 in Stealth
  2344 | D:3      | Found a shimmering blue altar of Sif Muna.
  2358 | D:3      | Found a glowing silver altar of Zin.
  2371 | D:3      | Became a worshipper of Sif Muna the Loreminder
  2419 | D:3      | Reached skill level 3 in Conjurations
  2419 | D:3      | Reached XP level 5. HP: 25/28 MP: 7/13
  2542 | D:3      | Found a runed translucent door.
  2542 | D:3      | Noticed Diggabert's ghost (amateur FoAK)
  2608 | D:3      | Noticed Jessica
  2612 | D:3      | Killed Jessica
  2656 | D:3      | You pick up a book of Decay and begin reading...
  2656 | D:3      | You add the spells Corpse Rot, Dispel Undead and Death
                  | Channel to your library.
  3275 | D:4      | Reached skill level 5 in Spellcasting
  3392 | D:4      | Found a sand-covered staircase.
  3421 | Ossuary  | Entered an ossuary
  3429 | Ossuary  | Reached skill level 3 in Dodging
  3487 | Ossuary  | Reached XP level 6. HP: 32/32 MP: 7/16
  3495 | Ossuary  | Reached * piety under Sif Muna
  3625 | Ossuary  | Reached skill level 6 in Spellcasting
  3625 | Ossuary  | Reached skill level 5 in Fire Magic
  3825 | Ossuary  | magus.rc [v1.9.6]
  4054 | D:4      | You pick up a book of Misfortune and begin reading...
  4054 | D:4      | You add the spells Confusing Touch, Yara's Violent
                  | Unravelling and Enfeeble to your library.
  4406 | D:4      | Reached skill level 1 in Invocations
  4553 | D:4      | Reached XP level 7. HP: 36/36 MP: 15/18
  4594 | D:4      | You pick up a book of Blood and begin reading...
  4594 | D:4      | You add the spells Sublimation of Blood, Wereblood and
                  | Summon Hydra to your library.
  4698 | D:4      | magus.rc [v1.9.6]
  4735 | D:5      | Entered Level 5 of the Dungeon
  4840 | D:5      | Reached skill level 2 in Invocations
  4843 | D:5      | Reached skill level 7 in Spellcasting
  4979 | D:5      | Reached skill level 6 in Fire Magic
  4979 | D:5      | Reached skill level 3 in Invocations
  5228 | D:5      | Reached skill level 4 in Conjurations
  5228 | D:5      | Reached XP level 8. HP: 41/41 MP: 16/21
  5339 | D:5      | Reached skill level 8 in Spellcasting
  5345 | D:5      | Reached ** piety under Sif Muna
  5662 | D:6      | HP: 6/41 [centaur/arrow (9)]
  5865 | D:6      | Reached skill level 4 in Invocations
  5899 | D:6      | Found a glowing drain.
  5913 | Sewer    | Entered a sewer
  6109 | Sewer    | Reached skill level 9 in Spellcasting
  6438 | Sewer    | Gained mutation: You expend magic power (3 MP) to
                  | strengthen your wands. [potion of mutation]
  6438 | Sewer    | Gained mutation: You are clumsy. (Dex -2) [potion of
                  | mutation]
  6438 | Sewer    | Lost mutation: You are clumsy. (Dex -2) [potion of
                  | mutation]
  6438 | Sewer    | Gained mutation: You have sharp toenails. [potion of
                  | mutation]
  6449 | Sewer    | Reached skill level 7 in Fire Magic
  6805 | D:6      | Reached skill level 5 in Conjurations
  6839 | D:6      | Found Kupis's Gadget Gallery.
  6847 | D:6      | Bought a wand of mindburst (8) for 132 gold pieces
  7365 | D:7      | Reached skill level 1 in Armour
  7365 | D:7      | Reached skill level 5 in Invocations
  7365 | D:7      | Reached XP level 9. HP: 29/45 MP: 8/24
  7592 | D:7      | Reached *** piety under Sif Muna
  7695 | D:7      | You add the spells Ignite Poison and Sticky Flame to your
                  | library.
  7700 | D:7      | Learned a level 3 spell: Inner Flame
  7705 | D:7      | Learned a level 4 spell: Flame Wave
  7726 | D:7      | Found Matihen's Antique Armour Emporium.
  7952 | D:7      | Reached skill level 10 in Spellcasting
  8012 | D:7      | Found Jeepijyhe's Assorted Antiques.
  8019 | D:7      | Found a staircase to the Ecumenical Temple.
  8197 | D:7      | Reached skill level 8 in Fire Magic
  8338 | D:7      | HP: 10/45 [orc warrior/+0 trident (7)]
  8339 | D:7      | HP: 3/45 [orc warrior/+0 trident (7)]
  8765 | D:7      | Found Xyphiuf's Distillery.
  8811 | D:7      | Bought a runed cloak for 225 gold pieces
  8874 | D:7      | Found Bapotof's General Store.
  9112 | D:7      | Found Ivvuco's Antique Weapon Shoppe.
  9380 | D:7      | Bought a scroll labelled NEYDAVORASOC for 22 gold pieces
  9380 | D:7      | Bought a scroll of identify for 44 gold pieces
  9414 | D:7      | Bought a potion of curing for 42 gold pieces
  9435 | D:8      | You pick up a book of Alchemy and begin reading...
  9435 | D:8      | You add the spells Petrify and Irradiate to your library.
  9486 | D:8      | Reached skill level 6 in Invocations
 10696 | D:8      | Found a staircase to the Lair.
 10911 | D:8      | Paralysed by a hornet for 1 turns
 10915 | D:8      | Reached skill level 2 in Armour
 10916 | D:8      | HP: 11/45 [poisoned by a hornet]
 11587 | D:9      | Noticed a troll
 11594 | D:8      | Reached skill level 11 in Spellcasting
 11594 | D:8      | Reached XP level 10. HP: 18/50 MP: 18/27
 11844 | D:9      | You pick up a book of Iron and begin reading...
 11844 | D:9      | You add the spells Animate Armour, Blade Hands and Iron
                  | Shot to your library.
 11872 | D:9      | Reached skill level 9 in Fire Magic
 12011 | D:9      | Found Ciaxkodd's Armour Boutique.
 12154 | D:9      | HP: 11/50 [centaur zombie (2)]
 12334 | D:9      | Found Eithaitu's Eclectic Emporium.
 12430 | D:9      | Reached **** piety under Sif Muna
 12828 | D:8      | Reached skill level 3 in Armour
 12828 | D:8      | Reached skill level 6 in Conjurations
 12879 | D:9      | You add the spells Static Discharge, Mephitic Cloud,
                  | Anguish and Borgnjor's Revivification to your library.
 12879 | D:9      | Got the Reference Book on Dark Rites and Confrontation
 12884 | D:9      | Learned a level 3 spell: Mephitic Cloud
 12888 | D:9      | Learned a level 3 spell: Ignite Poison
 13128 | D:9      | Identified a scroll of acquirement
 13128 | D:9      | Acquired a staff of fire
 13158 | D:10     | Entered Level 10 of the Dungeon
 13193 | D:10     | Reached skill level 7 in Invocations
 13476 | D:10     | Noticed Harold
 13486 | D:10     | Noticed a two-headed ogre
 13644 | D:10     | Found Kiudinax's Assorted Antiques.
 13735 | D:10     | Bought a scroll labelled SUSONWEODA for 31 gold pieces
 13984 | D:10     | Reached skill level 4 in Dodging
 13984 | D:10     | Reached skill level 12 in Spellcasting
 14248 | D:10     | You pick up a book of Minor Magic and begin reading...
 14248 | D:10     | You add the spells Magic Dart and Call Imp to your library.
 14456 | D:10     | Killed Harold
 14457 | D:10     | Reached skill level 4 in Armour
 14523 | D:10     | Killed a two-headed ogre
 14524 | D:10     | Reached XP level 11. HP: 50/55 MP: 21/29
 14672 | D:10     | Found a runed translucent gate.
 14672 | D:10     | Noticed Valamore's ghost (journeyman DsFi)
 14673 | D:10     | Found a runed translucent gate.
 14673 | D:10     | Found a runed translucent gate.
 14692 | D:10     | Found a basalt altar of Yredelemnul.
 14703 | D:10     | Reached skill level 10 in Fire Magic
 14827 | D:10     | Noticed a catoblepas
 14827 | D:10     | Noticed a deep elf pyromancer
 14827 | D:10     | Noticed a five-headed hydra
 14836 | D:10     | Noticed a centaur warrior
 14836 | D:10     | Noticed a rakshasa
 14836 | D:10     | Noticed a six-headed hydra
 14836 | D:10     | Noticed a centaur warrior
 14836 | D:10     | Noticed a cyan ugly thing
 15001 | Lair:1   | Entered Level 1 of the Lair of Beasts
 15019 | Lair:1   | Reached skill level 1 in Poison Magic
 15091 | Lair:1   | Reached skill level 13 in Spellcasting
 15091 | Lair:1   | Reached skill level 8 in Invocations
 15418 | Lair:1   | Identified the +7 rapier of the Shining Light {vorpal,
                  | *Slow rF+ Will++ Str-5}
 16000 | Lair:1   | Noticed a four-headed hydra
 16013 | Lair:1   | HP: 7/55 [four-headed hydra (12)]
 16014 | Lair:1   | Slain by a four-headed hydra

Vanquished Creatures
  Harold (D:10)
  A two-headed ogre (D:10)
  3 cane toads (Lair:1)
  A komodo dragon (Lair:1)
  A troll (D:8)
  2 hornets
  A shadow (D:10)
  2 wraiths
  A wyvern (Lair:1)
  A basilisk (Lair:1)
  6 yaks
  2 steam dragons
  2 vampire mosquitoes (D:8)
  2 acid dragons (D:9)
  6 water moccasins
  5 orc warriors
  3 black bears
  An ice beast (D:6)
  3 centaurs
  A sky beast (D:6)
  An ogre (D:5)
  3 kobold brigands
  A scorpion (D:6)
  A bullfrog (D:8)
  A water moccasin zombie (D:5)
  A gnoll sergeant (D:5)
  9 killer bees
  3 electric eels (D:10)
  10 centaur zombies
  A centaur skeleton (D:5)
  A hound (D:4)
  A jelly (D:5)
  5 orc priests
  2 bullfrog skeletons (D:6)
  2 gnoll shamans
  Jessica (D:3)
  2 iguanas
  4 orc wizards
  6 mummies (Ossuary)
  A howler monkey zombie (D:6)
  13 gnolls
  A howler monkey skeleton (D:7)
  2 river rats (Sewer)
  10 adders
  2 shadow imps
  2 white imps
  2 ufetubi (D:5)
  2 adder skeletons (D:4)
  A worm (Sewer)
  4 dart slugs
  29 orcs
  9 ball pythons
  8 endoplasms
  6 giant cockroaches
  5 goblins
  6 hobgoblins
  2 jackals (D:2)
  24 kobolds
  A quokka (D:1)
  6 bats
  6 frilled lizards
  2 hobgoblin zombies (Ossuary)
  A quokka zombie (D:4)
  9 rats
  A rat zombie (D:4)
255 creatures vanquished.

Vanquished Creatures (others)
  834 foxfires
  3 plants (Lair:1)
837 creatures vanquished.

Grand Total: 1092 creatures vanquished

Table legend:
 A = Non-vault XP
 B = Vault XP
 C = Vault XP percentage of total XP
 D = Non-vault monster count
 E = Vault monster count
 F = Vault count percentage of total count
                 A         B        C        D         E       F
            +---------+---------+-------+---------+---------+-------
      Total |   12159 |    2599 |  17.6 |     200 |      55 |  21.6
            +---------+---------+-------+---------+---------+-------
        D:1 |      49 |       0 |   0.0 |      27 |       0 |   0.0
        D:2 |      54 |       0 |   0.0 |      18 |       0 |   0.0
        D:3 |     126 |      37 |  22.7 |      17 |       1 |   5.6
        D:4 |     142 |      57 |  28.6 |      16 |       7 |  30.4
        D:5 |     881 |       0 |   0.0 |      20 |       0 |   0.0
        D:6 |     851 |       9 |   1.0 |      11 |       4 |  26.7
        D:7 |    1369 |     184 |  11.8 |      24 |       6 |  20.0
        D:8 |    1787 |       0 |   0.0 |      22 |       0 |   0.0
        D:9 |    1737 |       0 |   0.0 |      17 |       0 |   0.0
       D:10 |    2880 |    1824 |  38.8 |      20 |       3 |  13.0
     Lair:1 |    2283 |       0 |   0.0 |       8 |       0 |   0.0
      Sewer |       0 |     187 | 100.0 |       0 |      22 | 100.0
    Ossuary |       0 |     301 | 100.0 |       0 |      12 | 100.0
            +---------+---------+-------+---------+---------+-------

Illustrated notes

Table legend:
 A = Kills in this place as a percentage of kills in entire the game.
 B = Kills by you in this place as a percentage of kills by you in the entire game.
 C = Kills by friends in this place as a percentage of kills by friends in the entire game.
 D = Other kills in this place as a percentage of other kills in the entire game.
 E = Experience gained in this place as a percentage of experience gained in the entire game.
 F = Experience gained in this place divided by the number of levels of this place that you have seen.
                   A       B       C       D       E      F
               +-------+-------+-------+-------+-------+----------------------
         Total | 100.0 | 100.0 |   N/A | 100.0 | 100.0 | 1135.2
       Dungeon |  83.5 |  83.5 |   N/A | 100.0 |  81.2 | 1198.7
          Lair |   3.1 |   3.1 |   N/A |   0.0 |  15.5 | 2283.0
         Sewer |   8.6 |   8.7 |   N/A |   0.0 |   1.3 | 187.0
       Ossuary |   4.7 |   4.7 |   N/A |   0.0 |   2.0 | 301.0
               +-------+-------+-------+-------+-------+----------------------

Table legend: (Time is in decaauts)
 A = Elapsed time spent in this place.
 B = Non-inter-level travel time spent in this place.
 C = Inter-level travel time spent in this place.
 D = Time resting spent in this place.
 E = Time spent auto-exploring this place.
 F = Levels seen in this place.
 G = Mean time per level.
                   A        B        C        D        E       F      G
               +--------+--------+--------+--------+--------+-----+--------+
         Total |  16166 |  15535 |    631 |   2561 |   9948 |  13 | 1243.5 |
       Dungeon |  14030 |  13414 |    616 |   2158 |   8772 |  10 | 1403.0 |
          Lair |   1017 |   1002 |     15 |     51 |    798 |   1 | 1017.0 |
         Sewer |    712 |    712 |      0 |     71 |    377 |   1 |  712.0 |
       Ossuary |    404 |    404 |      0 |    281 |      0 |   1 |  404.0 |
               +--------+--------+--------+--------+--------+-----+--------+

Top non-repeatable levels by time:
     D:7: 2779 daAuts
     D:8: 1884 daAuts
     D:9: 1451 daAuts
     D:6: 1373 daAuts
    D:10: 1339 daAuts
     D:4: 1130 daAuts
     D:3: 1113 daAuts
     D:2: 1084 daAuts
  Lair:1: 1017 daAuts
     D:1: 1001 daAuts
     D:5: 873 daAuts
   Sewer: 712 daAuts
 Ossuary: 404 daAuts
